 Dungeon Crawl Stone Soup version 0.27-a0-385-g3208abaabc (console) character file.

Game seed: 17491331560124010711

5343 Garrluk the Severer (level 10, -6/81 HPs)
             Began as a Deep Dwarf Berserker on Feb 17, 2021.
             Was a High Priest of Trog.
             Mangled by an orc warrior
             ... wielding a +0 glaive
              (24 damage)
             ... on level 1 of the Orcish Mines on Feb 18, 2021.
             The game lasted 00:27:22 (2582 turns).

Garrluk the Severer (Deep Dwarf Berserker)          Turns: 2582, Time: 00:27:22

Health: -6/81      AC: 13    Str: 24    XL:     10   Next: 38%
Magic:  9/9        EV:  7    Int:  8    God:    Trog [*****.]
Gold:   131        SH:  0    Dex: 12    Spells: 9/9 levels left

rFire    . . .     SeeInvis +   n - +4 battleaxe
rCold    + . .     Faith    .   (shield currently unavailable)
rNeg     . . .     Spirit   .   u - +0 plate armour
rPois    .         Reflect  .   t - +1 helmet
rElec    .         Harm     .   (no cloak)
rCorr    .         Rampage  .   (no gloves)
Will     +++..                  (no boots)
Stlth    ..........             (no amulet)
HPRegen  1.00/turn              q - ring of see invisible
MPRegen  0.11/turn              k - ring of protection from cold

@: non-regenerating
A: damage resistance, heal wounds, sense surroundings 2, no regeneration
a: Heal Wounds, Renounce Religion, Berserk, Trog's Hand, Brothers in Arms


You were on level 1 of the Orcish Mines.
You worshipped Trog.
Trog was extremely pleased with you.
You visited 3 branches of the dungeon, and saw 12 of its levels.
You also visited: Sewer.

You collected 280 gold pieces.
You spent 149 gold pieces at shops.

Notes
Turn   | Place    | Note
-------+----------+-------------------------------------------
     0 | D:1      | Garrluk the Deep Dwarf Berserker began the quest for the
                  | Orb.
     0 | D:1      | Reached XP level 1. HP: 20/20 MP: 1/1
    72 | D:2      | Found a faded altar of an unknown god.
   130 | D:2      | Reached XP level 2. HP: 13/27 MP: 2/2
   134 | D:2      | Reached skill level 4 in Axes
   274 | D:3      | Found a glowing drain.
   313 | Sewer    | Entered a sewer
   328 | Sewer    | Noticed a kobold brigand
   334 | Sewer    | Reached XP level 3. HP: 33/33 MP: 3/3
   335 | Sewer    | Killed a kobold brigand
   336 | Sewer    | Reached skill level 5 in Axes
   336 | Sewer    | Reached XP level 4. HP: 40/40 MP: 4/4
   392 | Sewer    | Reached ** piety under Trog
   457 | Sewer    | Noticed a kobold brigand
   465 | Sewer    | Reached skill level 6 in Axes
   468 | Sewer    | Killed a kobold brigand
   469 | Sewer    | Reached XP level 5. HP: 35/46 MP: 5/5
   552 | Sewer    | Reached skill level 7 in Axes
   587 | D:3      | Reached XP level 6. HP: 33/55 MP: 6/6
   768 | D:5      | Entered Level 5 of the Dungeon
   771 | D:5      | Noticed Dowan
   772 | D:5      | Noticed Duvessa
   782 | D:5      | Killed Dowan
   783 | D:5      | Reached skill level 8 in Axes
   796 | D:5      | Killed Duvessa
   849 | D:6      | Found a staircase to the Ecumenical Temple.
   858 | D:6      | Reached *** piety under Trog
   859 | D:6      | Reached XP level 7. HP: 36/61 MP: 7/7
   906 | D:6      | Reached skill level 9 in Axes
  1010 | D:7      | Reached skill level 10 in Axes
  1091 | D:7      | Reached XP level 8. HP: 24/68 MP: 8/8
  1146 | D:7      | Reached skill level 11 in Axes
  1455 | D:8      | Noticed Joseph
  1470 | D:8      | Reached skill level 12 in Axes
  1475 | D:8      | Killed Joseph
  1519 | D:8      | Gained mutation: You passively map the area around you.
                  | [Deep Dwarf growth]
  1519 | D:8      | Reached XP level 9. HP: 53/74 MP: 9/9
  1623 | D:8      | Reached skill level 13 in Axes
  1696 | D:8      | Reached **** piety under Trog
  1872 | D:9      | Noticed a five-headed hydra
  2079 | D:9      | Found Tuisow's Armour Boutique.
  2090 | D:9      | Bought a +1 helmet for 149 gold pieces
  2107 | D:10     | Entered Level 10 of the Dungeon
  2146 | D:10     | Reached skill level 14 in Axes
  2235 | D:10     | Reached skill level 15 in Axes
  2254 | D:10     | Found a staircase to the Lair.
  2270 | D:10     | Reached ***** piety under Trog
  2273 | D:10     | Reached XP level 10. HP: 50/81 MP: 10/10
  2322 | Lair:1   | Entered Level 1 of the Lair of Beasts
  2332 | Lair:1   | Noticed a six-headed hydra
  2460 | D:10     | Upgraded the game from 0.27-a0-379-g34d631faf5 to
                  | 0.27-a0-385-g3208abaabc
  2512 | D:10     | Found an iron altar of Okawaru.
  2522 | D:10     | Reached skill level 16 in Axes
  2563 | D:10     | Found a staircase to the Orcish Mines.
  2567 | Orc:1    | Entered Level 1 of the Orcish Mines
  2582 | Orc:1    | Mangled by an orc warrior

Inventory:

Hand Weapons
 a - a +0 hand axe
 j - a +1 war axe
   (You took it off an orc priest on level 7 of the Dungeon)
 n - a +4 battleaxe (weapon)
   (You took it off a wight on level 8 of the Dungeon)
Missiles
 b - a curare-tipped dart
 c - 3 silver javelins
 d - 19 stones
 e - 9 boomerangs (quivered)
 g - 22 bolts
Armour
 s - a +3 leather armour of fire resistance
   (You took it off Duvessa on level 5 of the Dungeon)
 t - a +1 helmet (worn)
   (You bought it in a shop on level 9 of the Dungeon)
 u - a +0 plate armour (worn)
   (You found it on level 10 of the Dungeon)
Jewellery
 k - a ring of protection from cold (right hand)
   (You found it on level 8 of the Dungeon)
 m - a ring of protection from cold
   (You found it on level 8 of the Dungeon)
 q - a ring of see invisible (left hand)
   (You found it on level 3 of the Dungeon)
Wands
 i - a wand of polymorph (10)
   (You found it on level 8 of the Dungeon)
 w - a wand of paralysis (7)
   (You found it on level 10 of the Dungeon)
 x - a wand of charming (8)
   (You found it on level 10 of the Dungeon)
Scrolls
 f - a scroll of immolation
 r - a scroll of identify
 v - a scroll of fear
 y - a scroll of blinking {unknown}
Potions
 h - a potion of flight
 l - 5 potions of curing
 o - a potion of might
 p - a potion of attraction

Table legend: (Time is in decaauts)
 A = Elapsed time spent in this place.
 B = Non-inter-level travel time spent in this place.
 C = Inter-level travel time spent in this place.
 D = Time resting spent in this place.
 E = Time spent auto-exploring this place.
 F = Levels seen in this place.
 G = Mean time per level.
                   A        B        C        D        E       F      G
               +--------+--------+--------+--------+--------+-----+--------+
         Total |   2688 |   2583 |    105 |      0 |      0 |  13 |  206.8 |
       Dungeon |   2357 |   2252 |    105 |      0 |      0 |  10 |  235.7 |
          Lair |     20 |     20 |      0 |      0 |      0 |   1 |   20.0 |
  Orcish Mines |     13 |     13 |      0 |      0 |      0 |   1 |   13.0 |
         Sewer |    296 |    296 |      0 |      0 |      0 |   1 |  296.0 |
               +--------+--------+--------+--------+--------+-----+--------+

Top non-repeatable levels by time:
     D:8: 633 daAuts
    D:10: 463 daAuts
     D:7: 398 daAuts
   Sewer: 296 daAuts
     D:3: 294 daAuts
     D:9: 154 daAuts
     D:2: 139 daAuts
     D:6: 108 daAuts
     D:1: 68 daAuts
     D:5: 65 daAuts
     D:4: 29 daAuts
  Lair:1: 20 daAuts
   Orc:1: 13 daAuts


   Skills:
 - Level 2.6 Fighting
 * Level 16.1 Axes
 - Level 2.1 Armour
 - Level 2.1 Dodging


You had 9 spell levels left.
You didn't know any spells.
Your spell library was empty.

Dungeon Overview and Level Annotations

Branches:
Dungeon (10/15)            Temple (0/1) D:6            Lair (1/6) D:10
    Orc (1/2) D:10          Sewer (visited)

Altars:
Okawaru

Shops:
D:9 [


Innate Abilities, Weirdness & Mutations

You are resistant to damage.
You can heal yourself by infusing magical energy.
You passively map the area around you.
You do not regenerate.


Message History

You slash the ogre!
You kill the ogre!
Trog accepts your kill.
You barely miss the orc wizard. You closely miss the warg. The warg bites you.
* * * LOW HITPOINT WARNING * * *
The orc wizard points at you and mumbles some strange words.
The magic dart hits you but does no damage.
The warg barely misses you.
Your skin crawls.
You feel strong-willed.
An orc priest comes into view. It is wielding a +0 hand axe.
The orc wizard hits you but does no damage.
The warg bites you but does no damage.
The orc priest shouts!
You hit the orc wizard.
The orc wizard is moderately wounded.
You closely miss the warg. The warg bites you.
The orc wizard barely misses you.
You slash the orc wizard!
You kill the orc wizard!
Trog accepts your kill.
Trog appreciates your killing of a magic user.
You closely miss the warg. The warg bites you.
You slash the warg!
The warg is moderately wounded.
The warg bites you.
You slash the warg!
The warg is heavily wounded.
The warg bites you but does no damage. The orc warrior barely misses you.
An orc wizard comes into view. It is wielding a +1 dagger of venom.
The warg bites you.
* * * LOW HITPOINT WARNING * * *
An orc comes into view.
It is wielding a +0 hand axe of flaming.
An orc comes into view. It is wielding a +0 club.
The orc wizard shouts!
The orc shouts! x2
You slice the warg!!
You kill the warg!
Trog accepts your kill.
You hear a shout! x5
The orc warrior hits you from afar with a +0 glaive!!
You die...

, , * *, , , ,, ,
** .......,.. .#.
, * *#...#..#..
.... *
.........##.... ,
............... **
* .......$.......
, * #............#
* , *#.....).....#
* , , ,
......)@..# ,,
#.....))...$# ,
.#...o.o...## * ,
,......$...^.# , ,
.............# , ,
......#........,**
* .$.....#.......
*, o..o#o#*##.....
, ** , , , , ,, ,
, , , ,,, , ,


You could see 2 orc warriors, an orc priest and 2 orcs.

Table legend:
 A = Kills in this place as a percentage of kills in entire the game.
 B = Kills by you in this place as a percentage of kills by you in the entire game.
 C = Kills by friends in this place as a percentage of kills by friends in the entire game.
 D = Other kills in this place as a percentage of other kills in the entire game.
 E = Experience gained in this place as a percentage of experience gained in the entire game.
 F = Experience gained in this place divided by the number of levels of this place that you have seen.
                   A       B       C       D       E      F
               +-------+-------+-------+-------+-------+----------------------
         Total | 100.0 | 100.0 |   N/A |   N/A | 100.0 | 600.5
       Dungeon |  82.4 |  82.4 |   N/A |   N/A |  91.5 | 714.0
  Orcish Mines |   3.0 |   3.0 |   N/A |   N/A |   4.2 | 327.0
         Sewer |  14.5 |  14.5 |   N/A |   N/A |   4.3 | 339.0
               +-------+-------+-------+-------+-------+----------------------

Vanquished Creatures
  Monster Symbol All '5'
  A quasit (D:10)
  A white imp (D:9)
2 creatures vanquished. All '@' Joseph (D:8)
1 creature vanquished. All 'B' 5 worker ants 2 giant cockroaches
7 creatures vanquished. All 'F' A bullfrog (D:10)
1 creature vanquished. All 'K' 5 kobold brigands 28 kobolds
33 creatures vanquished. All 'O' 3 ogres
3 creatures vanquished. All 'P' A fungus (Sewer) 15 plants
16 creatures vanquished. All 'S' 2 water moccasins 4 adders 3 ball pythons (D:3)
9 creatures vanquished. All 'W' A wraith (D:10) A phantom (D:10)
2 creatures vanquished. All 'Y' 3 yaks (D:10) 2 sky beasts 2 ice beasts
7 creatures vanquished. All 'Z' 2 centaur skeletons (D:10) A water moccasin skeleton (D:7) 2 centaur zombies 2 bullfrog zombies A bullfrog skeleton (D:10) 2 hound skeletons A howler monkey skeleton (D:10) A jackal skeleton (D:8)
12 creatures vanquished. All 'b' 8 bats
8 creatures vanquished. All 'c' 2 centaurs
2 creatures vanquished. All 'e' Duvessa (D:5) Dowan (D:5)
2 creatures vanquished. All 'g' 7 gnolls 2 hobgoblins
9 creatures vanquished. All 'h' A warg (Orc:1) 2 howler monkeys (D:7) 2 hounds (D:7)
5 creatures vanquished. All 'l' 3 leopard geckos 2 frilled lizards (Sewer)
5 creatures vanquished. All 'n' A necrophage (D:8)
1 creature vanquished. All 'o' 3 orc warriors 6 orc priests 8 orc wizards 20 orcs
37 creatures vanquished. All 'p' 2 humans (D:10)
2 creatures vanquished. All 'r' 3 quokkas 3 rats
6 creatures vanquished. All 'w' 2 worms A dart slug (D:1)
3 creatures vanquished. All 'y' 3 vampire mosquitoes (D:10)
3 creatures vanquished. All 'z' 5 wights (D:8)
5 creatures vanquished.
181 creatures vanquished. Monster Nature Uniques Joseph (D:8) Duvessa (D:5) Dowan (D:5)
3 creatures vanquished. Natural Monsters 3 yaks (D:10) 2 humans (D:10) A warg (Orc:1) 2 water moccasins 3 orc warriors 2 sky beasts 2 ice beasts 3 ogres 2 centaurs 5 kobold brigands A bullfrog (D:10) 2 howler monkeys (D:7) 2 hounds (D:7) 6 orc priests 8 orc wizards 5 worker ants 7 gnolls 4 adders 2 worms A dart slug (D:1) 3 leopard geckos 20 orcs 8 bats 2 giant cockroaches 2 hobgoblins 3 quokkas 3 ball pythons (D:3) 2 frilled lizards (Sewer) 28 kobolds 3 rats
137 creatures vanquished. Undead Monsters 2 centaur skeletons (D:10) A wraith (D:10) 3 vampire mosquitoes (D:10) A necrophage (D:8) A phantom (D:10) A water moccasin skeleton (D:7) 5 wights (D:8) 2 centaur zombies 2 bullfrog zombies A bullfrog skeleton (D:10) 2 hound skeletons A howler monkey skeleton (D:10) A jackal skeleton (D:8)
23 creatures vanquished. Demonic Monsters A quasit (D:10) A white imp (D:9)
2 creatures vanquished. Plants A fungus (Sewer) 15 plants
16 creatures vanquished.
181 creatures vanquished. Ascending Order Joseph (D:8) A wraith (D:10) A warg (Orc:1) Duvessa (D:5) A necrophage (D:8) A phantom (D:10) A bullfrog (D:10) A water moccasin skeleton (D:7) Dowan (D:5) A quasit (D:10) A bullfrog skeleton (D:10) A howler monkey skeleton (D:10) A white imp (D:9) A dart slug (D:1) A jackal skeleton (D:8) A fungus (Sewer) 2 centaur skeletons (D:10) 2 humans (D:10) 2 water moccasins 2 sky beasts 2 ice beasts 2 centaurs 2 howler monkeys (D:7) 2 centaur zombies 2 bullfrog zombies 2 hounds (D:7) 2 hound skeletons 2 worms 2 hobgoblins 2 giant cockroaches 2 frilled lizards (Sewer) 3 yaks (D:10) 3 vampire mosquitoes (D:10) 3 orc warriors 3 ogres 3 leopard geckos 3 quokkas 3 rats 3 ball pythons (D:3) 4 adders 5 kobold brigands 5 wights (D:8) 5 worker ants 6 orc priests 7 gnolls 8 orc wizards 8 bats 15 plants 20 orcs 28 kobolds
181 creatures vanquished.

Action                   |  1- 3 |  4- 6 |  7- 9 | 10-12 || total
-------------------------+-------+-------+-------+-------++-------
Melee: Hand axe          |    59 |   132 |    57 |       ||   248
       War axe           |       |       |   171 |       ||   171
       Battleaxe         |       |       |    60 |    70 ||   130
Throw: Stone             |     1 |       |       |       ||     1
       Boomerang         |    12 |     5 |    20 |     2 ||    39
Invok: Berserk           |     1 |     3 |     4 |     1 ||     9
       Trog's Hand       |       |     1 |     2 |     1 ||     4
 Abil: Heal Wounds       |     1 |       |     4 |     1 ||     6
Evoke: Wand              |       |       |     2 |       ||     2
  Use: Potion            |       |     4 |     9 |       ||    13
       Scroll            |       |     2 |     5 |       ||     7
Armor: Leather armour    |    19 |     7 |    50 |       ||    76
       Animal skin       |     2 |       |       |       ||     2
       Scale mail        |       |    42 |       |       ||    42
       Plate armour      |       |       |    47 |    27 ||    74
Dodge: Dodged            |    47 |    55 |   140 |    22 ||   264
